 Dungeon Crawl Stone Soup version 0.21.1-1-g345015f (webtiles) character file.

44 Kagorn the Skirmisher (level 3, -2/24 HPs)
             Began as a Gargoyle Monk on June 5, 2018.
             Killed from afar by an orc wizard (4 damage)
             ... with a magic dart
             ... on level 2 of the Dungeon.
             The game lasted 00:07:46 (1346 turns).

Kagorn the Skirmisher (Gargoyle Monk)               Turns: 1346, Time: 00:07:47

Health: -2/24      AC:  6    Str: 14    XL:     3   Next: 60%
Magic:  3/3        EV: 12    Int: 15    God:
Gold:   45         SH:  0    Dex: 13    Spells: 2/2 levels left

rFire    . . .     SeeInvis .     - Unarmed
rCold    . . .     Gourm    .   (no shield)
rNeg     + . .     Faith    .   i - +0 leather armour
rPois    ∞         Spirit   .   (no helmet)
rElec    +         Reflect  .   (no cloak)
rCorr    .         Harm     .   (no gloves)
MR       .....                  (no boots)
Stlth    ++........             (no amulet)
HPRegen  0.08/turn              (no ring)
MPRegen  0.08/turn              (no ring)

@: brilliant
A: negative energy resistance 1, electricity resistance, unbreathing,
petrification resistance, rot immunity, AC +3
a: no special abilities


You were on level 2 of the Dungeon.
You were not hungry.

You visited 1 branch of the dungeon, and saw 2 of its levels.

You collected 45 gold pieces.

Inventory:

Armour
 d - a +1 ring mail of magic resistance
 i - a +0 leather armour (worn)
Scrolls
 c - 2 scrolls of blinking {unknown}
 e - 2 scrolls of identify {unknown}
 f - a scroll of enchant armour {unknown}
 k - a scroll of immolation {unknown}
 l - a scroll of teleportation {unknown}
Potions
 a - a potion of degeneration {unknown}
 g - a potion of agility {unknown}
 h - a potion of brilliance
 j - a potion of curing {unknown}
Comestibles
 b - 2 rations


   Skills:
 + Level 3.6 Fighting
 + Level 1.0 Armour
 + Level 2.7 Dodging
 + Level 2.7 Stealth
 + Level 3.4 Unarmed Combat


You had 2 spell levels left.
You didn't know any spells.

Dungeon Overview and Level Annotations

Branches:
Dungeon (2/15)

Altars:
Wu Jian


Innate Abilities, Weirdness & Mutations

You are resistant to torment.
Your stone body is resilient. (AC +3)
You are immune to poison.
You resist negative energy. (rN+)
You are resistant to electric shocks. (rElec)
You can survive without breathing.
You are immune to petrification.
You are immune to rotting.


Message History

You barely miss the orc wizard.
The orc wizard is heavily wounded.
The orc wizard hits you but does no damage.
You hit the orc wizard.
The orc wizard is severely wounded.
The orc wizard barely misses you.
You closely miss the orc wizard.
The orc wizard is severely wounded.
The orc wizard hits you but does no damage.
You hit the orc wizard.
The orc wizard is almost dead.
The orc wizard hits you but does no damage.
You closely miss the orc wizard.
The orc wizard is almost dead.
The orc wizard completely misses you.
You closely miss the orc wizard.
The orc wizard is almost dead.
The orc wizard gestures at you while chanting.
The magic dart hits you!
You die...

#.# #.........# #.......#.#
#.# #.........# #......... .
#.# #.........# #.......#...
#.####.......## #......# ...
#.##..........# #......# ...
#.............# #.....[# ...
#####.).......#
#####......##...
#.........###...............
#..........@og##'##......###
##.........####.g.####...##
##......### #...#..###..#
####..##.# #.o.#..#.##.#
#..'..# #...#..#..'.#
#..##.# #...#..#.##.#
#...### #...#..###..#
#.....##+# #'##...##
##.^.....#####....###


You could see an orc wizard and a hobgoblin.

Vanquished Creatures
  An adder (D:2)
  A worm (D:2)
  A leopard gecko (D:2)
  3 bats
  2 giant cockroaches (D:2)
  3 goblins
  3 hobgoblins
  3 jackals (D:2)
  3 quokkas (D:2)
  5 frilled lizards
  A kobold (D:2)
  A leopard gecko zombie (D:2)
  2 rats
29 creatures vanquished.

Notes
Turn   | Place    | Note
-------+----------+-------------------------------------------
     0 | D:1      | Kagorn the Gargoyle Monk began the quest for the Orb.
     0 | D:1      | Reached XP level 1. HP: 14/14 MP: 1/1
   332 | D:1      | Reached XP level 2. HP: 15/19 MP: 2/2
  1188 | D:2      | Reached XP level 3. HP: 23/23 MP: 3/3
  1278 | D:2      | Found an ornate altar of the Wu Jian Council.
  1328 | D:2      | Reached skill level 1 in Armour
  1329 | D:2      | HP: 1/24 [leopard gecko zombie (2)]
  1346 | D:2      | Killed from afar by an orc wizard

Skill      XL: |  1  2  3 |
---------------+----------+-----
Armour         | 1 |  1.0
Fighting       | |  3.6
Dodging        | |  2.7
Stealth        | |  2.7
Unarmed Combat | |  3.4

Action                   || total
-------------------------++-------
Melee: Unarmed           ||   154
  Use: Potion            ||     1
  Eat: Ration            ||     1
Armor: Robe              ||    20
       Leather armour    ||    45
Dodge: Dodged            ||   100
